 Dungeon Crawl Stone Soup version 0.32-a0-779-g362cfca (webtiles) character file.

Game seed: 3846379609137736368

587 Anonymous1 the Cleaver (level 7, -1/59 HPs)
             Began as a Mountain Dwarf Fighter on Mar 19, 2024.
             Slain by a river rat (3 damage)
             ... summoned by Eustachio
             ... on level 5 of the Dungeon.
             The game lasted 00:05:01 (3557 turns).

Anonymous1 the Cleaver (Mountain Dwarf Fighter)     Turns: 3557, Time: 00:05:02

Health: -1/59      AC:  8    Str: 24      XL:     7   Next: 15%
Magic:  7/7        EV:  8    Int:  8      God:
Gold:   220        SH:  4    Dex:  7 (8)  Spells: 6/6 levels left

rFire   . . .        a - +1 war axe (freeze)
rCold   . . .        c - +0 buckler
rNeg    . . .        b - +0 scale mail
rPois   .            (no helmet)
rElec   .            (no cloak)
rCorr   .            m - +0 pair of gloves
SInv    .            (no boots)
Will    .....        (no amulet) Stlth
                     (no ring)
HPRegen 0.29/turn    (no ring)
MPRegen 0.10/turn

%: clarity
@: no status effects
A: runic magic, artefact enchanting, clarity, strong 1
a: no special abilities


You were on level 5 of the Dungeon.
You visited 1 branch of the dungeon, and saw 5 of its levels.

You collected 220 gold pieces.

Inventory:

Hand Weapons
 a - a +1 war axe of freezing (weapon)
 t - a +2 vampiric whip
Armour
 b - a +0 scale mail (worn)
 c - a +0 buckler (worn)
 m - a +0 pair of gloves (worn)
Scrolls
 e - 2 scrolls of vulnerability {unknown}
 l - 2 scrolls of enchant armour {unknown}
 n - a scroll of acquirement {unknown}
 o - 2 scrolls of teleportation {unknown}
 p - 2 scrolls of silence {unknown}
 q - a scroll of torment {unknown}
 r - 2 scrolls of fear
 w - a scroll of poison {unknown}
 x - a scroll of immolation {unknown}
 y - a scroll of fog {unknown}
Potions
 d - a potion of might
 f - a potion of brilliance
 g - 3 potions of magic {unknown}
 h - 2 potions of enlightenment {unknown}
 i - a potion of resistance {unknown}
 j - 2 potions of curing {unknown}
 k - 2 potions of invisibility {unknown}
 s - a potion of mutation
 u - 2 potions of berserk rage {unknown}
 v - 2 potions of heal wounds {unknown}


   Skills:
 + Level 4.2 Fighting
 * Level 8.0 Axes
 + Level 4.6 Armour
 + Level 3.8 Shields


You had 6 spell levels left.
You didn't know any spells.
Your spell library contained the following spells:

 Spells                   Type           Power      Damage    Failure   Level
 Apportation              Tloc           0%         N/A       54%         1
 Necrotise                Necr           0%         1d4       54%         1
 Sting                    Conj/Alch      0%         1d3       54%         1
 Summon Small Mammal      Summ           0%         N/A       54%         1
 Iskenderun's Battlesphe  Conj           0%         2d6       100%        5
 Bombard                  Conj/Erth      0%         9d1       100%        6
 Spellforged Servitor     Conj/Summ      0%         N/A       100%        7


Dungeon Overview and Level Annotations

Branches:
Dungeon (5/15)
 Temple: D:4-7

Altars:

Annotations:
D:5 Eustachio


Innate Abilities, Weirdness & Mutations

Your spellcasting is much less encumbered by armour.
You can use scrolls of enchantment on lesser artefacts.
You possess an exceptional clarity of mind.
Your muscles are strong. (Str +4, Int/Dex -1)


Message History

The bat hits you.
The quokka bites you but does no damage.
You block the river rat's attack.
Eustachio mumbles some strange words.
Unknown command.
You hit the river rat. You freeze the river rat.
The river rat is moderately wounded.
You slash the quokka! You freeze the quokka.
You kill the quokka!
The quokka's corpse disappears in a puff of smoke!
You hit the bat. You freeze the bat. The bat hits you but does no damage.
The bat barely misses you. The river rat bites you.
* * * LOW HITPOINT WARNING * * *
You hit the river rat. You freeze the river rat.
The river rat is heavily wounded.
You slash the bat! You freeze the bat.
You kill the bat!
The bat's corpse disappears in a puff of smoke!
The bat hits you.
* * * LOW HITPOINT WARNING * * *
The river rat bites you but does no damage.
The bat hits you but does no damage.
You completely miss the river rat.
The river rat is heavily wounded.
You slash the bat! You freeze the bat.
You kill the bat!
The bat's corpse disappears in a puff of smoke!
The river rat bites you.
* * * LOW HITPOINT WARNING * * *
You barely miss the river rat.
The river rat is heavily wounded.
You block the river rat's attack.
Eustachio gestures wildly while chanting.
Unknown command.
You hit the river rat but do no damage.
The river rat is heavily wounded.
The river rat bites you!
* * * LOW HITPOINT WARNING * * *
The river rat bites you.
You die...

#.###.###.#
#.# #g#
#.###.#####
#.# #.#
#.........#
#g#
#####.###....
#.# ### #.#
###### ..g
..##.# .....#
#.#.# .....##
#..##br.....
##.@r5.b..#
#ยง.##@....#
#...# #.####
...... .#
..#..... # ..
#.....# .
..#.#.. ..##.
#.


You could see Eustachio, a quasit (summoned), 2 river rats and 2 bats.

Vanquished Creatures
  An ogre (D:5)
  2 phantoms
  The ghost of Lovepenguin the Covered, a weakling AtFi (D:3)
  A bombardier beetle (D:4)
  An iguana (D:4)
  An orc wizard (D:4)
  5 adders
  7 gnolls
  3 ribbon worms
  10 orcs
  7 ball pythons
  3 endoplasms
  13 giant cockroaches
  5 goblins
  15 hobgoblins
  7 jackals
  2 quokkas
  4 bats
  A frilled lizard (D:2)
  9 kobolds
  8 rats
106 creatures vanquished.

Notes
Turn   | Place    | Note
-------+----------+-------------------------------------------
     0 | D:1      | Anonymous1 the Mountain Dwarf Fighter began the quest for
                  | the Orb.
     0 | D:1      | Reached XP level 1. HP: 19/19 MP: 1/1
   131 | D:1      | Reached XP level 2. HP: 26/26 MP: 2/2
   248 | D:1      | Reached skill level 3 in Axes
   389 | D:1      | Reached XP level 3. HP: 31/31 MP: 3/3
   924 | D:2      | Reached skill level 4 in Axes
  1052 | D:2      | Gained mutation: You possess an exceptional clarity of
                  | mind. [potion of mutation]
  1052 | D:2      | Gained mutation: Your muscles are strong. (Str +4, Int/Dex
                  | -1) [potion of mutation]
  1138 | D:2      | Reached XP level 4. HP: 39/39 MP: 4/4
  1569 | D:3      | Noticed Lovepenguin's ghost (weakling AtFi)
  1572 | D:3      | Found a runed translucent door.
  1652 | D:3      | Killed Lovepenguin's ghost
  1653 | D:3      | Reached skill level 5 in Axes
  1653 | D:3      | Reached XP level 5. HP: 33/46 MP: 5/5
  2424 | D:4      | Noticed a phantom
  2443 | D:4      | Killed a phantom
  2444 | D:4      | Reached skill level 6 in Axes
  2444 | D:4      | Reached XP level 6. HP: 28/52 MP: 6/6
  2758 | D:4      | Reached skill level 7 in Axes
  3188 | D:5      | Entered Level 5 of the Dungeon
  3329 | D:5      | Reached XP level 7. HP: 21/59 MP: 7/7
  3498 | D:5      | Reached skill level 8 in Axes
  3528 | D:5      | Noticed Eustachio
  3557 | D:5      | HP: 2/59 [river rat[Eustachio] (7)]
  3557 | D:5      | Slain by a river rat

Illustrated notes

Levels and vault maps discovered:
D:1:      dpeg_arrival_short_road, layout_rooms, minmay_misc_feat_x,
          nicolae_eternal_life, nrook_uturn
D:2:      layout_basic
D:3:      minmay_roachtagon, layout_basic, hellmonk_ghost_happy_afterlife
D:4:      layout_rooms, minmay_misc_feat_chi
D:5:      minmay_chambers_of_fours, layout_loops_ring,
          gammafunk_temple_overflow_elements, minmay_temple_entry_waves,
          serial_shops, nicolae_shop_stone, uniq_eustachio

Skill      XL: |  1  2  3  4  5  6  7 |
---------------+----------------------+-----
Axes           | 3 4 5 6 7 8 |  8.0
Armour         | 4 |  4.6
Fighting       | 4 |  4.2
Shields        | |  3.8

Action                     |  1- 3 |  4- 6 |  7- 9 || total
---------------------------+-------+-------+-------++-------
  Melee: War axe           |    91 |   158 |    31 ||   280
    Use: Scroll            |     4 |     2 |       ||     6
         Potion            |     1 |       |       ||     1
 Armour: Scale mail        |    63 |    90 |    54 ||   207
  Dodge: Dodged            |    38 |    54 |    35 ||   127
  Block: Buckler           |    25 |    24 |    16 ||    65

Table legend: (Time is in decaauts)
 A = Elapsed time spent in this place.
 B = Non-inter-level travel time spent in this place.
 C = Inter-level travel time spent in this place.
 D = Time resting spent in this place.
 E = Time spent auto-exploring this place.
 F = Levels seen in this place.
 G = Mean time per level.
                   A        B        C        D        E       F      G
               +--------+--------+--------+--------+--------+-----+--------+
         Total |   3632 |   3505 |    127 |    281 |   2518 |   5 |  726.4 |
       Dungeon |   3632 |   3505 |    127 |    281 |   2518 |   5 |  726.4 |
               +--------+--------+--------+--------+--------+-----+--------+

Top non-repeatable levels by time:
     D:3: 1026 daAuts
     D:1: 851 daAuts
     D:2: 751 daAuts
     D:4: 627 daAuts
     D:5: 375 daAuts
